 Dungeon Crawl Stone Soup version 0.25.1-2-g60ff931df9 (webtiles) character file.

Game seed: 2134745964996627158

2230 Johnny the Frost Mage (level 8, -2/57 HPs)
             Began as a Demigod Ice Elementalist on Aug 30, 2020.
             Slain by a two-headed ogre
             ... wielding a +0 giant club
              (8 damage)
             ... on level 7 of the Dungeon.
             The game lasted 00:08:22 (7700 turns).

Johnny the Frost Mage (Demigod Ice Elementalist)    Turns: 7700, Time: 00:08:23

Health: -2/57      AC: 10    Str: 11    XL:     8   Next: 91%
Magic:  19/19      EV:  9    Int: 23    God:
Gold:   242        SH:  0    Dex: 16    Spells: 9/17 levels left

rFire    + . .     SeeInvis .   F - +0 flail (protect)
rCold    . . .     Gourm    .   (no shield)
rNeg     . . .     Faith    .   m - +1 scale mail {MR+}
rPois    .         Spirit   .   f - +0 helmet
rElec    .         Reflect  .   (no cloak)
rCorr    .         Harm     .   n - +0 pair of gloves
MR       ++...                  x - +0 pair of boots
Stlth    +.........             (no amulet)
HPRegen  0.19/turn              A - ring of protection from magic
MPRegen  0.16/turn              C - ring of protection from fire

@: no status effects
A: high mp 1
a: no special abilities


You were on level 7 of the Dungeon.
You were hungry.

You visited 1 branch of the dungeon, and saw 7 of its levels.

You collected 242 gold pieces.

Inventory:

Hand Weapons
 d - a cursed +0 rapier
 o - a +3 quarterstaff
 F - a +0 flail of protection (weapon)
Missiles
 r - a throwing net (quivered)
Armour
 f - a +0 helmet (worn)
 m - a +1 scale mail of magic resistance (worn)
 n - a +0 pair of gloves (worn)
 q - a +0 tower shield
 x - a +0 pair of boots (worn)
Jewellery
 A - a ring of protection from magic (left hand)
 C - a ring of protection from fire (right hand)
Wands
 l - a wand of random effects (9)
 y - a wand of iceblast (11)
 E - a wand of paralysis (3)
 G - a wand of flame (38)
 H - a wand of polymorph (5)
 J - a wand of digging (4)
Scrolls
 a - a scroll of fear
 e - a scroll of amnesia
 h - 3 scrolls of teleportation
 j - 3 scrolls of remove curse
 k - a scroll of noise
 s - a scroll of blinking
 z - 4 scrolls of immolation
Potions
 b - 2 potions of stabbing
 g - 3 potions of degeneration
 i - a potion of mutation {unknown}
 p - a potion of invisibility {unknown}
 t - 2 potions of heal wounds {unknown}
 u - 2 potions of curing {unknown}
 v - a potion of ambrosia {unknown}
 w - 3 potions of haste
 B - a potion of might {unknown}
 D - a potion of brilliance {unknown}
Comestibles
 c - 11 rations


   Skills:
 - Level 1.7 Dodging
 - Level 1.7 Stealth
 + Level 4.9 Shields
 + Level 5.4 Spellcasting
 * Level 9.0 Ice Magic


You had 9 spell levels left.
You knew the following spells:

 Your Spells              Type           Power        Failure   Level  Hunger
a - Freeze                Ice            ####         1%          1    None
b - Frozen Ramparts       Ice            #####.       4%          3    ##.....
e - Summon Ice Beast      Ice/Summ       ####....     65%         4    ####...

Your spell library contained the following spells:

 Spells                   Type           Power        Failure   Level  Hunger
 Ozocubu's Armour         Chrm/Ice       ####....     26%         3    ##.....
 Hailstorm                Conj/Ice       ####....     65%         4    ####...


Dungeon Overview and Level Annotations

Branches:
Dungeon (7/15)             Temple (0/1) D:6


Innate Abilities, Weirdness & Mutations

You have an increased reservoir of magic. (+10% MP)


Message History

Evoke which item? (* to show all) (? for menu, Esc to quit)
Aiming: Paralyse
Press: ? - help, Shift-Dir - straight line, f - two-headed ogre
Aim: a two-headed ogre, wielding two +0 giant clubs (lightly wounded, chance to defeat MR: 28%)
The two-headed ogre easily resists.
The wall freezes the two-headed ogre.
Evoke which item? (* to show all) (? for menu, Esc to quit)
Aiming: Paralyse
Press: ? - help, Shift-Dir - straight line, f/p - two-headed ogre
Aim: a two-headed ogre, wielding two +0 giant clubs (lightly wounded, chance to defeat MR: 28%)
The two-headed ogre easily resists.
The wall freezes the two-headed ogre!
The two-headed ogre hits you with a +0 giant club!!
The two-headed ogre hits you with a +0 giant club.
* * * LOW HITPOINT WARNING * * *
The wall freezes the two-headed ogre!
The wall freezes the two-headed ogre!
The frozen ramparts melt away.
The two-headed ogre hits you with a +0 giant club!
* * * LOW HITPOINT WARNING * * *
The two-headed ogre hits you with a +0 giant club!
You die...

. ## .## #.#.# .## #
#.. .......# ..#
#.#..###.#...#
..####.#....#.....# #
......... #.###...#.#
.)#.##.#.##......##.#
.............###....#
#.#.#####.#.####....#
..#.....#.#....O@...#
##......#.#.#####.#.#
....#.#...#.# ^#.#
##.##.#.#...# .# #
#.##.#.....# ..
#........### ##
########.# #.# #.#


You could see a two-headed ogre.

Vanquished Creatures
  Grinder (D:6)
  Menkaure (D:5)
  Edmund (D:6)
  An ice beast (D:6)
  2 sky beasts (D:6)
  An ogre (D:6)
  2 centaurs (D:5)
  Blork the orc (D:6)
  2 bullfrogs (D:6)
  2 howler monkeys
  3 crimson imps
  A jelly (D:7)
  6 orc priests
  A hound (D:7)
  5 orc wizards
  A centaur skeleton (D:4)
  Ijyb (D:4)
  3 iguanas
  4 worker ants
  Terence (D:2)
  A hound zombie (D:4)
  Robin (D:2)
  9 adders
  2 shadow imps
  An ooze (D:2)
  3 adder skeletons
  6 worms
  2 dart slugs
  2 leopard geckos
  20 orcs
  10 bats
  5 giant cockroaches
  12 goblins
  11 hobgoblins
  10 jackals
  5 quokkas
  A ball python skeleton (D:5)
  4 frilled lizards
  6 kobolds
  3 leopard gecko skeletons
  7 rats
161 creatures vanquished.

Notes
Turn   | Place    | Note
-------+----------+-------------------------------------------
     0 | D:1      | Johnny the Demigod Ice Elementalist began the quest for the
                  | Orb.
     0 | D:1      | Reached XP level 1. HP: 14/14 MP: 5/5
   716 | D:1      | Reached XP level 2. HP: 20/20 MP: 7/7
   721 | D:1      | Reached skill level 4 in Ice Magic
  1539 | D:2      | Reached XP level 3. HP: 26/26 MP: 7/9
  1591 | D:2      | Noticed Robin
  1598 | D:2      | Learned a level 3 spell: Frozen Ramparts
  1618 | D:2      | Killed Robin
  1866 | D:2      | Noticed Terence
  1879 | D:2      | Killed Terence
  1879 | D:2      | Reached XP level 4. HP: 31/33 MP: 0/10
  2341 | D:2      | Reached skill level 5 in Ice Magic
  3119 | D:3      | Reached XP level 5. HP: 19/38 MP: 6/12
  3671 | D:3      | Reached skill level 1 in Shields
  3939 | D:4      | Reached XP level 6. HP: 45/45 MP: 12/14
  3958 | D:4      | Reached skill level 6 in Ice Magic
  4067 | D:4      | Noticed Ijyb
  4075 | D:4      | Killed Ijyb
  4934 | D:4      | Reached XP level 7. HP: 33/50 MP: 15/15
  5353 | D:5      | Entered Level 5 of the Dungeon
  5611 | D:5      | Reached skill level 7 in Ice Magic
  5952 | D:5      | Noticed Menkaure
  6146 | D:5      | Killed Menkaure
  6415 | D:6      | Reached XP level 8. HP: 49/57 MP: 18/18
  6546 | D:6      | Noticed Grinder
  6560 | D:6      | Noticed Blork the orc
  6563 | D:6      | Killed Grinder
  6563 | D:6      | Reached skill level 5 in Spellcasting
  6563 | D:6      | Reached skill level 8 in Ice Magic
  6567 | D:6      | Killed Blork the orc
  6572 | D:6      | Found a staircase to the Ecumenical Temple.
  6685 | D:6      | Noticed Edmund
  6694 | D:6      | Killed Edmund
  6993 | D:6      | You fall into a shaft and drop 1 floor!
  6998 | D:7      | Got a translucent scale mail
  7007 | D:7      | Got a pair of polished gloves
  7018 | D:7      | Identified the -3 pair of gloves "Vusami" {Harm rCorr
                  | Dex-5} (You found it on level 7 of the Dungeon)
  7028 | D:7      | Identified the +1 scale mail "Piohets" {-Cast Dex+7} (You
                  | found it on level 7 of the Dungeon)
  7104 | D:7      | Learned a level 4 spell: Summon Ice Beast
  7550 | D:6      | Reached skill level 9 in Ice Magic
  7679 | D:7      | Noticed a two-headed ogre
  7700 | D:7      | Slain by a two-headed ogre

Illustrated notes

Levels and vault maps discovered:
D:1:      enne_arrival_octagon_isle, layout_basic, st_stairs_4
D:2:      layout_basic, first_ration, hangedman_glass_teeth, uniq_robin,
          uniq_terence
D:3:      layout_rooms, minmay_crystal_water
D:4:      minmay_door_path, layout_basic, uniq_ijyb
D:5:      layout_rooms, minmay_quadrilaterals, uniq_menkaure
D:6:      layout_basic, minmay_temple_entry_ruins, uniq_blork_the_orc,
          uniq_edmund, uniq_grinder
D:7:      layout_basic

Skill      XL: |  1  2  3  4  5  6  7  8 |
---------------+-------------------------+-----
Spellcasting   | 2 3 4 5 |  5.4
Ice Magic      | 4 5 6 7 9 |  9.0
Shields        | 1 2 3 4 |  4.9
Dodging        | |  1.7
Stealth        | |  1.7

Action                   |  1- 3 |  4- 6 |  7- 9 || total
-------------------------+-------+-------+-------++-------
Melee: Unarmed           |    58 |    43 |       ||   101
       Quarterstaff      |       |   113 |    71 ||   184
       Flail             |       |       |    87 ||    87
 Cast: Freeze            |    45 |    35 |    30 ||   110
       Frozen Ramparts   |     3 |     7 |     9 ||    19
Evoke: Wand              |       |       |    14 ||    14
  Use: Scroll            |       |       |     9 ||     9
 Stab: Sleeping          |     1 |       |       ||     1
       Paralysed         |       |       |    10 ||    10
  Eat: Chunk             |     3 |    10 |     6 ||    19
       Ration            |       |       |     1 ||     1
Armor: Robe              |    35 |       |       ||    35
       Scale mail        |       |    89 |   118 ||   207
Dodge: Dodged            |    88 |   104 |    99 ||   291
